 Dungeon Crawl Stone Soup version 0.31-a0-261-g072fdb8a1f (webtiles) character file.

Game seed: 3563356956448453021

98 qw the Shooter (level 4, 0/36 HPs)
             Began as a Minotaur Hexslinger on July 13, 2023.
             Slain by Pikel
             ... wielding a +2 whip of flaming
              (7 damage)
             ... on level 4 of the Dungeon.
             The game lasted 00:00:44 (2015 turns).

qw the Shooter (Minotaur Hexslinger)                Turns: 2015, Time: 00:00:45

Health: 0/36       AC:  5    Str: 13    XL:     4   Next: 43%
Magic:  4/4        EV: 11    Int: 10    God:
Gold:   222        SH:  0    Dex: 14    Spells: 4/5 levels left

rFire   . . .        Y - +2 sling
rCold   . . .        (no shield)
rNeg    . . .        d - +0 ring mail
rPois   .            (helmet restricted)
rElec   .            (no cloak)
rCorr   .            (no gloves)
SInv    .            (no boots)
Will    .....        (no amulet)
Stlth   +            (no ring)
HPRegen 0.26/turn    (no ring)
MPRegen 0.09/turn

%: no passive effects
@: about to teleport
A: horns 2, retaliatory headbutt
a: no special abilities


You were on level 4 of the Dungeon.
You visited 1 branch of the dungeon, and saw 4 of its levels.

You collected 222 gold pieces.


Innate Abilities, Weirdness & Mutations

You have a pair of horns on your head.
You reflexively headbutt those who attack you in melee.


   Skills:
 - Level 2.0 Fighting
 + Level 4.8 Ranged Weapons
 - Level 1.1 Armour
 - Level 2.1 Dodging
 - Level 1.0 Spellcasting
 - Level 2.0 Hexes


You had 4 spell levels left.
You knew the following spells:

 Your Spells              Type           Power      Damage    Failure   Level
a - Slow                  Hex            16%        N/A       32%         1

Your spell library contained the following spells:

 Spells                   Type           Power      Damage    Failure   Level
 Inner Flame              Hex/Fire       2%         N/A       82%         3
 Portal Projectile        Hex/Tloc       4%         N/A       82%         3
 Cause Fear               Hex            2%         N/A       97%         4

Inventory:

Hand Weapons
 Y - a +2 sling (weapon)
Armour
 d - a +0 ring mail (worn)
Scrolls
 c - a scroll of identify
 j - 2 scrolls of teleportation
Potions
 a - a potion of degeneration {unknown}
 b - a potion of lignification {unknown}
 e - a potion of haste {unknown}
 f - a potion of heal wounds {unknown}
 k - a potion of attraction {unknown}

Dungeon Overview and Level Annotations

Branches:
Dungeon (4/15)
 Temple: D:4-7

Altars:
Hepliaklqana

Annotations:
D:4 Pikel, Sigmund


Message History

You kill the hobgoblin!
The lemure hits you but does no damage.
A lemure comes into view.
The lemure hits you.
You shoot a sling bullet.
The sling bullet closely misses the lemure.
The lemure barely misses you.
You shoot a sling bullet.
The sling bullet completely misses the lemure.
You hear a shout!
The lemure hits you. Pikel closely misses you.
You shoot a sling bullet. The sling bullet hits the lemure.
The lemure is lightly wounded.
A lemure comes into view.
The lemure hits you but does no damage.
Sigmund the Dreaded comes into view.
He is wielding a +2 scythe of venom.
Pikel hits you with a +2 whip of flaming!
Pikel burns you. Pikel misses you. You furiously retaliate!
You headbutt Pikel. The lemure misses you.
You shoot a sling bullet.
The sling bullet closely misses the lemure.
The lemure shouts!
You hear an angry hiss.
Pikel completely misses you. The lemure hits you.
You shoot a sling bullet.
The sling bullet closely misses the lemure.
An adder comes into view.
The lemure misses you. You furiously retaliate!
You headbutt the lemure. Pikel misses you. You furiously retaliate!
You headbutt Pikel, but do no damage.
The adder moves out of view.
You shoot a sling bullet. The sling bullet hits the lemure.
The lemure is moderately wounded.
The lemure hits you! Sigmund closely misses you.
Pikel hits you with a +2 whip of flaming.
Pikel burns you.
2015 ||| READING 3 scrolls of teleportation.
As you read the scroll of teleportation, it crumbles to dust.
You feel strangely unstable.
Pikel hits you with a +2 whip of flaming!
You die...

#..# #... #..#
#$.# #### ##..#
..... ... #
.....@#?# .#####
....55K@##......
....S55#.......#
##.#.###.####.##
.. #.# ## #.#
##.# #..#
####.## #....#


You could see Pikel, 4 lemures, Sigmund and an adder.

Vanquished Creatures
  5 adders
  A worm (D:2)
  3 dart slugs
  An orc (D:3)
  2 ball pythons
  2 bats (D:3)
  An endoplasm (D:2)
  2 giant cockroaches
  4 goblins
  7 hobgoblins
  2 jackals (D:1)
  2 kobolds
  2 quokkas
  6 rats
40 creatures vanquished.

Notes
Turn   | Place    | Note
-------+----------+-------------------------------------------
     0 | D:1      | qw the Minotaur Hexslinger began the quest for the Orb.
     0 | D:1      | Reached XP level 1. HP: 16/16 MP: 1/1
     0 | D:1      | 0 ||| qw: Version: 0.3-a-52-g30416fa
     0 | D:1      | 0 ||| qw: Game counter: 6977
     0 | D:1      | 0 ||| qw: Melee chars always use a shield: true
     0 | D:1      | 0 ||| qw: God list: Okawaru
     0 | D:1      | 0 ||| qw: Allow faded altars: false
     0 | D:1      | 0 ||| qw: Do Orc after clearing Dungeon:15 true
     0 | D:1      | 0 ||| qw: Do second Lair branch before Depths: true
     0 | D:1      | 0 ||| qw: Lair rune preference: random
     0 | D:1      | 0 ||| qw: Goals: Normal
     0 | D:1      | 0 ||| PLANNING D:1-11
    62 | D:1      | Found a faded altar of an unknown god.
   189 | D:1      | Reached skill level 3 in Ranged Weapons
   250 | D:1      | Reached XP level 2. HP: 23/23 MP: 2/2
   611 | D:1      | 611 ||| UPGRADING to +0 ring mail.
   621 | D:1      | 621 ||| DROPPING +0 robe.
   622 | D:1      | 622 ||| READING scroll labelled CES FUHUAKK.
   623 | D:1      | 623 ||| READING scroll labelled ZOFUWO NUTWEEM.
   624 | D:1      | 624 ||| READING scroll labelled MAUNNU ZEBOBLE.
   669 | D:1      | 669 ||| READING 2 scrolls labelled UPHAOR WU DOSU.
   674 | D:1      | 674 ||| DROPPING scroll of poison.
   686 | D:2      | Found a hazy altar of Hepliaklqana.
   848 | D:2      | Reached XP level 3. HP: 29/29 MP: 3/3
   862 | D:2      | Identified the +4 mace "Beetle's Foe" {venom, *Noise rF++
                  | Int+5}
  1087 | D:2      | Reached skill level 4 in Ranged Weapons
  1354 | D:2      | 1354 ||| READING scroll labelled GYJUNE FACIVA.
  1355 | D:2      | 1355 ||| READING scroll labelled JIHIJ IP WIRCH.
  1356 | D:2      | 1356 ||| READING scroll labelled UMEBOP DYUSEHE.
  1357 | D:2      | 1357 ||| READING scroll labelled XEN KAFUOK.
  1477 | D:3      | Reached skill level 1 in Armour
  1544 | D:3      | Reached XP level 4. HP: 36/36 MP: 4/4
  1954 | D:3      | 1954 ||| DROPPING amulet of magic regeneration.
  2005 | D:4      | Noticed a lemure
  2006 | D:4      | Noticed a lemure
  2007 | D:4      | Noticed Pikel
  2008 | D:4      | Noticed a lemure
  2011 | D:4      | Noticed a lemure
  2011 | D:4      | Noticed Sigmund
  2014 | D:4      | HP: 8/36 [Pikel/+2 whip of flaming (2)]
  2015 | D:4      | 2015 ||| READING 3 scrolls of teleportation.
  2015 | D:4      | Slain by Pikel

Levels and vault maps discovered:
D:1:      noname_arrival_rooms_in_the_neighbourhood, layout_rooms,
          shapermc_ecumenical_altar_mp_highgroup, dreamdust_wishing_well,
          chequers_arboretum, corexii_leaking_fountain
D:2:      layout_basic, basic_altar, minmay_misc_feat_rugged
D:3:      layout_basic, nicolae_kite_square_tiling_tiny
D:4:      layout_basic, uniq_sigmund, uniq_pikel

Skill      XL: |  1  2  3 |
---------------+----------+-----
Ranged Weapons | 3 4 |  4.8
Fighting       | 2 |  2.0
Armour         | 1 |  1.1
Dodging        | |  2.1
Spellcasting   | |  1.0
Hexes          | |  2.0

Action                     |  1- 3 |  4- 6 || total
---------------------------+-------+-------++-------
   Fire: Sling             |   106 |    39 ||   145
    Use: Scroll            |     8 |     1 ||     9
 Armour: Robe              |     6 |       ||     6
         Ring mail         |    14 |     8 ||    22
  Dodge: Dodged            |    38 |    25 ||    63

Table legend:
 A = Non-vault XP
 B = Vault XP
 C = Vault XP percentage of total XP
 D = Non-vault monster count
 E = Vault monster count
 F = Vault count percentage of total count
                 A         B        C        D         E       F
            +---------+---------+-------+---------+---------+-------
      Total |     140 |       0 |   0.0 |      40 |       0 |   0.0
            +---------+---------+-------+---------+---------+-------
        D:1 |      20 |       0 |   0.0 |      10 |       0 |   0.0
        D:2 |      50 |       0 |   0.0 |      14 |       0 |   0.0
        D:3 |      66 |       0 |   0.0 |      14 |       0 |   0.0
        D:4 |       4 |       0 |   0.0 |       2 |       0 |   0.0
            +---------+---------+-------+---------+---------+-------
